 Seeded DCSS version 0.28-a0-1292-gb4563b2 (webtiles) character file.

Game seed: 6760368435528562141 (custom seed)

49924 lyrin the Destroyer (level 14, -11/81 HPs)
             Began as a Gargoyle Conjurer on Dec 27, 2021.
             Was an Elder of Hepliaklqana.
             Mangled by an anaconda simulacrum (18 damage)
             ... in an ice cave.
             The game lasted 01:03:40 (23845 turns).

lyrin the Destroyer (Gargoyle Conjurer)            Turns: 23845, Time: 01:03:40

Health: -11/81     AC: 27    Str: 14    XL:     14   Next: 52%
Magic:  5/28       EV:  9    Int: 23    God:    Hepliaklqana [****..]
Gold:   2228       SH:  4    Dex:  8    Spells: 21/33 levels left

rFire   . . .      SeeInvis .   m - staff of conjuration
rCold   . . .      Faith    .   K - +0 buckler
rNeg    + . .      Spirit   .   U - +1 steam dragon scales
rPois   ∞          Reflect  .   O - +2 hat
rElec   +          Harm     .   L - scarf {repulsion}
rCorr   +          Rampage  .   l - +0 pair of gloves
Will    +....                   T - +0 pair of boots
Stlth   ++........              (no amulet)
HPRegen 0.23/turn               c - ring of wizardry
MPRegen 0.21/turn               Y - ring of Scepticism {rCorr AC+4 Str+2}

@: about to teleport, flying, constricted, repel missiles
A: reduced essence, sickness immunity, AC +10, big wings, negative energy
resistance 1, electricity resistance, torment resistance 1, petrification
resistance
a: Renounce Religion, Recall Ancestor, Ancestor Identity, Transference, Idealise


You were in an ice cave.
You worshipped Hepliaklqana.
Hepliaklqana was greatly pleased with you.
You visited 1 branch of the dungeon, and saw 15 of its levels.
You also visited: Ossuary, Bailey and Ice Cave.

You collected 2228 gold pieces.

Inventory:

Hand Weapons
 w - a +2 whip of venom
 A - a +2 mace of freezing
 D - a +8 great mace of protection
 N - a +4 flail
Missiles
 d - 5 curare-tipped darts (quivered)
 j - 39 poisoned darts
 J - 5 silver javelins
 M - 8 datura-tipped darts
Armour
 l - a +0 pair of gloves (worn)
 K - a +0 buckler (worn)
 L - a scarf of repulsion (worn)
 O - a +2 hat (worn)
 T - a +0 pair of boots (worn)
 U - +1 steam dragon scales (worn)
Magical Staves
 m - a staff of conjuration (weapon)
Jewellery
 c - a ring of wizardry (left hand)
 i - a ring of see invisible
 s - a ring of protection from fire
 x - a ring of flight
 I - a +6 ring of dexterity
 P - a ring of wizardry
 X - a ring of protection from cold
 Y - the ring of Scepticism (right hand) {rCorr AC+4 Str+2}
   (You took it off a deep elf pyromancer on level 10 of the Dungeon)

   [ring of protection]

   AC:        It affects your AC (+4).
   Str:       It affects your strength (+2).
   rCorr:     It protects you from acid and corrosion.
Wands
 b - a wand of iceblast (11)
 E - a wand of mindburst (11)
 G - a wand of acid (13)
 H - a wand of flame (8)
 V - a wand of paralysis (2)
Scrolls
 e - 3 scrolls of vulnerability
 f - 2 scrolls of fear
 n - 2 scrolls of enchant weapon
 p - 3 scrolls of amnesia
 q - 5 scrolls of blinking
 r - 7 scrolls of teleportation
 t - 4 scrolls of enchant armour
 u - 3 scrolls of magic mapping
 y - 2 scrolls of fog
 C - a scroll of silence {unknown}
 F - a scroll of immolation {unknown}
 W - a scroll of holy word
Potions
 a - a potion of ambrosia {unknown}
 g - 2 potions of might
 h - 11 potions of curing
 k - 7 potions of flight
 o - 2 potions of lignification
 v - a potion of haste {unknown}
 z - 4 potions of heal wounds {unknown}
 B - a potion of resistance {unknown}
 Q - a potion of magic {unknown}
 R - 5 potions of mutation
 S - 2 potions of attraction


   Skills:
 + Level 11.2 Fighting
 + Level 6.1 Maces & Flails
 - Level 1.0 Throwing
 - Level 10.0 Armour
 + Level 3.8 Dodging
 - Level 2.2 Stealth
 - Level 5.0 Shields
 - Level 10.0 Spellcasting
 - Level 13.0 Conjurations
 - Level 3.0 Hexes
 * Level 5.3 Ice Magic
 + Level 2.4 Air Magic
 - Level 10.0 Invocations
 - Level 1.1 Evocations


You had 21 spell levels left.
You knew the following spells:

 Your Spells              Type           Power      Damage    Failure   Level
a - Magic Dart            Conj           100%       1d8       1%          1
b - Searing Ray           Conj           100%       2d8       1%          2
c - Fulminant Prism       Conj/Hex       32%        3d16      1%          4
d - Freezing Cloud        Conj/Ice/Air   30%        6-21      3%          5

Your spell library contained the following spells:

 Spells                   Type           Power      Damage    Failure   Level
 Slow                     Hex            100%       N/A       1%          1
 Confusing Touch          Hex            25%        N/A       1%          3
 Dazzling Flash           Conj/Hex       100%       N/A       1%          3
 Mephitic Cloud           Conj/Pois/Air  51%        N/A       1%          3
 Iskenderun's Mystic Bla  Conj/Tloc      58%        2d12      1%          4
 Animate Skeleton         Necr           22%        N/A       2%          1
 Pain                     Necr           44%        1d6       2%          1
 Summon Guardian Golem    Hex/Summ       18%        N/A       3%          3
 Ignite Poison            Fire/Tmut/Pois 11%        N/A       7%          3
 Vampiric Draining        Necr           11%        2d6       7%          3
 Orb of Destruction       Conj           41%        9d14      9%          7
 Spellforged Servitor     Conj/Summ      29%        N/A       75%         7


Dungeon Overview and Level Annotations

Branches:
Dungeon (15/15)            Temple (0/1) D:5            Lair (0/6) D:9
    Orc (0/2) D:10         Vaults (0/5) D:13        Ossuary (visited)
 Bailey (visited)           IceCv (1/1)
 Depths: D:15

Altars:
Hepliaklqana
Kikubaaqudgha
Yredelemnul

Shops:
D:4 *


Innate Abilities, Weirdness & Mutations

Your life essence is reduced to manifest your ancestor. (-10% HP)
You are immune to sickness and miasma.
Your stone body is resilient. (AC +10)
You are immune to poison.
Your large and strong wings let you fly.
You resist negative energy. (rN+)
You are resistant to electric shocks. (rElec)
You are resistant to unholy torment.
You are immune to petrification.


Message History

The dire elephant simulacrum is heavily damaged.
The blast of energy engulfs the anaconda simulacrum!
The anaconda simulacrum is moderately damaged.
Unknown command.
Okay, then.
As you read the scroll of teleportation, it crumbles to dust.
You feel strangely unstable.
The anaconda simulacrum barely misses you.
The anaconda simulacrum bites you but does no damage.
A deep troll simulacrum comes into view.
Your surroundings suddenly seem different.
A necromancer, 2 bog bodies, 6 freezing wraiths and 9 simulacra come into view.
Found an ancient bone altar of Kikubaaqudgha.
You block the freezing wraith's attack.
The freezing wraith hits you but does no damage.
As you read the scroll of teleportation, it crumbles to dust.
You feel strangely unstable.
The necromancer shouts!
The lindwurm simulacrum barely misses you. x2
The lindwurm simulacrum misses you. The freezing wraith misses you.
The freezing wraith closely misses you.
The caustic shrike simulacrum misses you.
You block the dire elephant simulacrum's attack.
The dire elephant simulacrum trunk-slaps you but does no damage.
The caustic shrike simulacrum claws you but does no damage.
The anaconda simulacrum barely misses you.
The anaconda simulacrum bites you! The anaconda simulacrum freezes you!!
The caustic shrike simulacrum claws you but does no damage.
The dire elephant simulacrum tramples you but does no damage.
The dire elephant simulacrum trunk-slaps you but does no damage.
The anaconda simulacrum grabs you. The anaconda simulacrum bites you!
The anaconda simulacrum freezes you!!
* * * LOW HITPOINT WARNING * * *
The anaconda simulacrum constricts you.
The necromancer casts a spell.
The necromancer binds the souls of nearby monsters.
The anaconda simulacrum bites you!
* * * LOW HITPOINT WARNING * * *
The anaconda simulacrum freezes you!!
You die...

....# .
...# ###..
..###.#...
#...Z....#
#ZW.n....#
#8W.Z..8#


#WnWZW..# #ZZWZZ..# #@Zp....# #8.....8# #......## ##.....# ##...## #+## You
could see 6 freezing wraiths, a necromancer, 2 bog bodies, an anaconda
simulacrum, an alligator simulacrum, a seven-headed hydra simulacrum, 2 dire
elephant simulacra, 2 lindwurm simulacra, a golden dragon simulacrum and a
caustic shrike simulacrum.

Vanquished Creatures
  2 hydras (D:11)
  2 ogre magi
  2 boulder beetles (D:10)
  3 centaur warriors
  8 two-headed ogres
  A skeletal warrior (D:12)
  A deep elf archer (D:13)
  4 ugly things
  A wolf spider (D:13)
  A manticore (shapeshifter) (D:10)
  3 deep elf zephyrmancers (D:13)
  A cyclops (D:13)
  2 manticores
  A salamander (shapeshifter) (D:11)
  2 unseen horrors
  2 anaconda simulacra (IceCv)
  A komodo dragon (D:12)
  2 efreet
  2 entropy weaver simulacra (IceCv)
  A meliai (D:14)
  7 trolls
  A polar bear (D:15)
  2 slime creatures (D:14)
  A meliai zombie (D:11)
  A centaur simulacrum (D:14)
  5 shadows
  Sigmund (D:4)
  A wraith (D:12)
  A spriggan (D:7)
  2 dire elephant simulacra (IceCv)
  A golden eye (shapeshifter) (D:11)
  11 yaks
  2 vampire mosquitoes
  A steam dragon (D:8)
  A redback (shapeshifter) (D:13)
  2 harpy simulacra (IceCv)
  2 acid dragons
  A water moccasin (D:6)
  9 orc warriors
  An ice beast (D:15)
  A boggart (D:13)
  7 ogres
  8 centaurs
  A kobold brigand (D:13)
  A bullfrog (D:8)
  A water moccasin skeleton (D:4)
  13 killer bees
  A vampire bat (D:11)
  13 wights
  4 howler monkeys
  3 centaur zombies
  2 orc priests
  A centaur skeleton (D:7)
  2 hounds
  A gnoll shaman (D:5)
  A bullfrog skeleton (D:6)
  7 orc wizards
  An iguana (D:6)
  6 mummies (Ossuary)
  A howler monkey zombie (D:5)
  10 gnolls
  3 adders
  A shadow imp (D:8)
  An ufetubus (D:15)
  A worm (D:2)
  5 dart slugs
  25 orcs
  14 ball pythons
  5 bats
  3 bat skeletons (D:11)
  2 bat zombies (D:11)
  6 endoplasms
  7 giant cockroaches
  11 goblins
  8 hobgoblins
  9 quokkas
  2 frilled lizards
  A gnoll zombie (Ossuary)
  A hobgoblin zombie (Ossuary)
  10 kobolds
  A kobold zombie (Ossuary)
  3 orc zombies (Ossuary)
  9 rats
308 creatures vanquished.

Vanquished Creatures (collateral kills)
  Frances (D:13)
  2 hydras
  2 centaur warriors
  5 two-headed ogres
  2 tengu warriors
  4 skeletal warriors (D:12)
  A deep elf pyromancer (D:10)
  5 manticores (D:11)
  2 cyclopes
  3 unseen horrors
  A gargoyle (D:11)
  2 freezing wraiths (D:15)
  A troll (D:9)
  2 meliai (D:14)
  A shadow (D:10)
  A vampire (D:9)
  9 yaks
  A wraith (D:6)
  3 vampire mosquitoes
  2 acid dragons
  A water moccasin (D:5)
  3 black bears
  4 orc warriors
  2 ogres (D:6)
  A phantom (D:6)
  2 kobold brigands (D:13)
  A gnoll sergeant (D:10)
  3 bullfrogs
  2 scorpions
  A wyvern skeleton (D:6)
  2 water moccasin skeletons
  6 killer bees
  4 wights
  A bullfrog zombie (D:6)
  4 centaur zombies
  2 orc priests
  2 hounds
  A gnoll shaman (D:8)
  3 jellies
  2 bullfrog skeletons
  A centaur skeleton (D:5)
  5 orc wizards
  2 killer bee zombies
  A hound skeleton (D:5)
  A howler monkey zombie (D:10)
  2 mummies (Ossuary)
  A gnoll (Bailey)
  An adder (D:6)
  2 shadow imps (D:7)
  17 orcs
  A goblin (Bailey)
  A hobgoblin zombie (Ossuary)
  5 kobolds (Bailey)
  A kobold zombie (Ossuary)
138 creatures vanquished.

Vanquished Creatures (others)
  A slime creature (D:14)
  17 knights
  2 ancestors (D:5)
  42 fulminant prisms
62 creatures vanquished.

Grand Total: 508 creatures vanquished

Notes
Turn   | Place    | Note
-------+----------+-------------------------------------------
     0 | D:1      | lyrin the Gargoyle Conjurer began the quest for the Orb.
     0 | D:1      | Reached XP level 1. HP: 10/10 MP: 3/3
    70 | D:1      | Found a faded altar of an unknown god.
   313 | D:1      | Reached XP level 2. HP: 15/15 MP: 0/5
   721 | D:1      | Reached skill level 5 in Conjurations
  1062 | D:1      | Reached XP level 3. HP: 19/19 MP: 3/6
  1244 | D:1      | Learned a level 2 spell: Searing Ray
  2368 | D:2      | Found a hazy altar of Hepliaklqana.
  2472 | D:2      | Reached XP level 4. HP: 24/24 MP: 6/8
  2651 | D:2      | Became a worshipper of Hepliaklqana the Forgotten
  3693 | D:3      | Reached XP level 5. HP: 26/28 MP: 0/10
  4445 | D:4      | Reached skill level 1 in Armour
  4445 | D:4      | Reached skill level 6 in Conjurations
  4542 | D:4      | Noticed Sigmund
  4547 | D:4      | Killed Sigmund
  4548 | D:4      | Reached XP level 6. HP: 32/32 MP: 6/12
  4609 | D:4      | Found Pod Meig's Assorted Antiques.
  4648 | D:4      | Reached * piety under Hepliaklqana
  5009 | D:5      | Entered Level 5 of the Dungeon
  5020 | D:5      | Reached skill level 1 in Maces & Flails
  5020 | D:5      | Reached XP level 7. HP: 26/32 MP: 0/13
  5407 | D:5      | Reached skill level 7 in Conjurations
  5952 | D:5      | Found a staircase to the Ecumenical Temple.
  6053 | D:5      | Reached XP level 8. HP: 37/37 MP: 8/15
  6163 | D:5      | Found a basalt altar of Yredelemnul.
  6269 | D:5      | Reached ** piety under Hepliaklqana
  6270 | D:5      | Remembered your ancestor Teicuih as a knight
  6316 | D:5      | Reached skill level 5 in Spellcasting
  6373 | D:5      | Learned a level 4 spell: Fulminant Prism
  6442 | D:5      | Reached skill level 1 in Fighting
  6500 | D:5      | Reached skill level 1 in Invocations
  6793 | D:6      | Reached skill level 1 in Hexes
  7455 | D:6      | Reached skill level 5 in Armour
  7456 | D:6      | Reached XP level 9. HP: 43/43 MP: 6/16
  7500 | D:6      | Reached skill level 8 in Conjurations
  7865 | D:6      | Killed an unseen horror
  7866 | D:6      | Reached skill level 5 in Invocations
  7973 | D:6      | Identified the +2 plate armour of Zatoynun {rC+ Will+++
                  | Dex-2}
  8356 | D:7      | Identified 2 scrolls of acquirement
  8357 | D:7      | Acquired a staff of conjuration
  8360 | D:7      | Acquired a +8 great mace of protection
  8408 | D:7      | Found a flagged portal.
  8429 | Bailey   | Entered a bailey
  8459 | Bailey   | Reached skill level 9 in Conjurations
  8718 | Bailey   | Identified the +4 shortbow of Teoqoxoj {freeze, rC+}
  8813 | Bailey   | Reached XP level 10. HP: 49/49 MP: 5/17
  9234 | D:7      | Reached *** piety under Hepliaklqana
  9807 | D:7      | Reached skill level 10 in Conjurations
 10451 | D:8      | Found a sand-covered staircase.
 10455 | Ossuary  | Entered an ossuary
 10761 | D:8      | Reached skill level 1 in Shields
 11390 | D:8      | Reached skill level 10 in Armour
 11576 | D:8      | Reached XP level 11. HP: 54/54 MP: 11/18
 11995 | D:9      | Found a staircase to the Lair.
 12333 | D:9      | Noticed a two-headed ogre
 12340 | D:9      | Killed a two-headed ogre
 12341 | D:9      | Reached skill level 11 in Conjurations
 12496 | D:9      | Paralysed by something for 5 turns
 12636 | D:9      | Reached **** piety under Hepliaklqana
 12837 | D:9      | Noticed a two-headed ogre
 12849 | D:9      | Killed a two-headed ogre
 12850 | D:9      | Noticed a two-headed ogre
 13128 | D:9      | Killed a two-headed ogre
 13217 | D:10     | Entered Level 10 of the Dungeon
 13293 | D:10     | Noticed a two-headed ogre
 13453 | D:10     | Killed a two-headed ogre
 13454 | D:10     | Reached skill level 5 in Maces & Flails
 13454 | D:10     | Reached skill level 5 in Shields
 13454 | D:10     | Reached skill level 12 in Conjurations
 13456 | D:10     | Noticed a two-headed ogre
 13532 | D:10     | Killed a two-headed ogre
 13657 | D:10     | Noticed a two-headed ogre
 13825 | D:10     | Killed a two-headed ogre
 13826 | D:10     | Reached skill level 5 in Fighting
 13932 | D:10     | Noticed a green ugly thing
 13961 | D:10     | Noticed a manticore
 13961 | D:10     | a yaktaur changed into a manticore
 14096 | D:10     | Killed a manticore
 14103 | D:10     | Killed a green ugly thing
 14104 | D:10     | Reached skill level 13 in Conjurations
 14104 | D:10     | Reached XP level 12. HP: 52/61 MP: 2/19
 14247 | D:10     | Noticed an ogre mage
 14253 | D:10     | Killed an ogre mage
 14873 | D:10     | Noticed a two-headed ogre
 14879 | D:10     | Killed a two-headed ogre
 14894 | D:10     | Found a staircase to the Orcish Mines.
 14895 | D:10     | Noticed a two-headed ogre
 14900 | D:10     | Killed a two-headed ogre
 14941 | D:10     | Noticed a centaur warrior
 14949 | D:10     | Killed a centaur warrior
 15139 | D:10     | Identified the ring of Scepticism {rCorr AC+4 Str+2}
 15223 | D:10     | Noticed a centaur warrior
 15235 | D:10     | Killed a centaur warrior
 15443 | D:10     | Noticed a boulder beetle
 15453 | D:10     | Killed a boulder beetle
 15536 | D:10     | Identified the +1 chain mail "Idyrith" {Will+ Dex+3}
 15638 | D:10     | Noticed a boulder beetle
 15685 | D:10     | Killed a boulder beetle
 15686 | D:10     | Reached skill level 10 in Invocations
 15836 | D:10     | Reached skill level 1 in Throwing
 16489 | D:11     | Noticed a four-headed hydra
 16489 | D:11     | Noticed a two-headed ogre
 16498 | D:11     | Killed a two-headed ogre
 16499 | D:11     | Reached XP level 13. HP: 71/71 MP: 8/21
 17589 | D:11     | Reached skill level 1 in Evocations
 18480 | D:11     | Found an ancient bone altar of Kikubaaqudgha.
 18890 | D:12     | Reached skill level 10 in Fighting
 19843 | D:13     | Reached skill level 10 in Spellcasting
 19850 | D:13     | Learned a level 5 spell: Freezing Cloud
 19958 | D:13     | Noticed Frances
 19967 | D:13     | Killed Frances
 19968 | D:13     | Reached skill level 1 in Ice Magic
 19968 | D:13     | Gained mutation: Your large and strong wings let you fly.
                  | [Gargoyle growth]
 19968 | D:13     | Reached XP level 14. HP: 54/79 MP: 16/28
 20658 | D:13     | Reached skill level 1 in Air Magic
 20740 | D:13     | Found a gate to the Vaults.
 23665 | D:15     | Entered Level 15 of the Dungeon
 23740 | D:15     | Found a frozen archway.
 23751 | D:15     | Reached skill level 5 in Ice Magic
 23810 | IceCv    | Entered an ice cave
 23841 | IceCv    | Found an ancient bone altar of Kikubaaqudgha.
 23845 | IceCv    | Mangled by an anaconda simulacrum

Illustrated notes

Levels and vault maps discovered:
D:1:      erik_arrival_triangle_small, layout_loops_corners,
          nicolae_ecumenical_snake_handling, st_stairs_11
D:2:      layout_rooms, basic_altar
D:3:      layout_loops_corners
D:4:      layout_loops_ring, serial_shops, nicolae_take_the_stairs,
          grunt_ministairs_6, minmay_fractal_squares_5, uniq_sigmund
D:5:      layout_layer_cave, lemuel_crystal_altar,
          minmay_temple_entry_glassed_door, kennysheep_another_room
D:6:      kennysheep_windowed_halls, layout_basic
D:7:      layout_loops_ring, enter_bailey_6, chequers_serial_rivers_micro_d,
          ebering_dispersal_statue_hall, the_hattery
D:8:      layout_loops_ring, serial_aquarium, aquarium_bridge_square
          [aquarium_subvault_window, aquarium_subvault_bridge,
          aquarium_subvault_wall, aquarium_subvault_bridge],
          aquarium_bridge_long_joined [aquarium_subvault_bridge,
          aquarium_subvault_balcony, aquarium_subvault_balcony,
          aquarium_subvault_bridge, aquarium_subvault_wall,
          aquarium_subvault_bridge], aquarium_window_2, aquarium_window_fake,
          aquarium_window_fake, aquarium_window_1, aquarium_view_2b,
          aquarium_balcony_3b, aquarium_pool_1, enter_ossuary_5
D:9:      layout_long_grid, lair_entry_dummy, chequers_serial_rivers_room_b
D:10:     minmay_the_grid_octo_tiled_octocenter [minmay_the_grid_octo_clover_2,
          minmay_the_grid_octo_checkered, minmay_the_grid_octo_chip,
          minmay_the_grid_octo_concentric,
          minmay_the_grid_octo_prize_ultimate_mussel_roller,
          minmay_the_grid_square_5x5_checkered_statues,
          minmay_the_grid_square_5x5_checkered,
          minmay_the_grid_square_5x5_percent, minmay_the_grid_square_5x5_meh],
          layout_basic, hiddenorc2_lemuel
D:11:     hangedman_cross_cluster, layout_basic, kennysheep_vampire_church
D:12:     layout_basic
D:13:     layout_cave_pods, hangedman_vaults_entry_quadrant_bands, uniq_frances
D:14:     layout_loops_ring, hangedman_decor_opposing,
          minmay_misc_feat_more_columns
D:15:     grunt_enter_depths_hoard, layout_basic, serial_ice, serial_ice_j,
          serial_ice_n, serial_ice_h, serial_ice_a, serial_ice_f, serial_ice_b,
          portal_ice_cave_entry_frozen_things, amcnicky_mini_pool_small,
          chequers_serial_rivers_small_b, st_stairs_4, uniq_agnes
IceCv:    ice_cave_small_necro

Skill      XL: |  1  2  3  4  5  6  7  8  9 10 11 12 13 14 |
---------------+-------------------------------------------+-----
Conjurations   | 5 6 7 9 10 13 | 13.0
Spellcasting   | 3 4 5 10 | 10.0
Armour         | 2 3 5 7 10 | 10.0
Maces & Flails | 1 2 3 4 5 6 |  6.1
Dodging        | 2 3 |  3.8
Fighting       | 1 2 4 5 8 10 11 | 11.2
Invocations    | 3 5 6 10 | 10.0
Hexes          | 2 3 |  3.0
Shields        | 2 5 |  5.0
Throwing       | 1 |  1.0
Evocations     | 1 |  1.1
Ice Magic      | 1 5 |  5.3
Air Magic      | 2 |  2.4
Stealth        | |  2.2

Action                   |  1- 3 |  4- 6 |  7- 9 | 10-12 | 13-15 || total
-------------------------+-------+-------+-------+-------+-------++-------
Melee: Whip              |       |    41 |    14 |       |       ||    55
       Great mace        |       |       |     7 |       |       ||     7
       Staff             |       |       |       |    18 |     6 ||    24
Throw: Dart              |       |     1 |       |     3 |       ||     4
 Cast: Magic Dart        |    88 |    66 |   103 |   102 |    35 ||   394
       Searing Ray       |       |     4 |    30 |    99 |   104 ||   237
       Fulminant Prism   |       |       |       |    17 |    25 ||    42
       Freezing Cloud    |       |       |       |       |    12 ||    12
Invok: Ancestor Life: Kn |       |       |     1 |       |       ||     1
       Transference      |       |       |       |     2 |       ||     2
       Recall Ancestor   |       |       |       |     1 |       ||     1
       Idealise          |       |       |       |     1 |     1 ||     2
Evoke: Wand              |       |       |       |     1 |     5 ||     6
  Use: Scroll            |       |       |     8 |     9 |     7 ||    24
Armor: Robe              |     3 |       |       |       |       ||     3
       Ring mail         |     1 |    26 |    40 |    30 |       ||    97
       Steam dragon scal |       |       |       |    94 |   122 ||   216
Dodge: Dodged            |    12 |    25 |    70 |   110 |   121 ||   338
       Repelled          |       |       |     1 |     3 |    11 ||    15
Block: Buckler           |       |       |       |    37 |    34 ||    71

Table legend: (Time is in decaauts)
 A = Elapsed time spent in this place.
 B = Non-inter-level travel time spent in this place.
 C = Inter-level travel time spent in this place.
 D = Time resting spent in this place.
 E = Time spent auto-exploring this place.
 F = Levels seen in this place.
 G = Mean time per level.
                   A        B        C        D        E       F      G
               +--------+--------+--------+--------+--------+-----+--------+
         Total |  23880 |  23298 |    582 |   6637 |  12454 |  18 | 1326.7 |
       Dungeon |  22767 |  22185 |    582 |   6159 |  12248 |  15 | 1517.8 |
       Ossuary |    298 |    298 |      0 |     90 |    110 |   1 |  298.0 |
        Bailey |    779 |    779 |      0 |    386 |     95 |   1 |  779.0 |
      Ice Cave |     34 |     34 |      0 |      2 |      0 |   1 |   34.0 |
               +--------+--------+--------+--------+--------+-----+--------+

Top non-repeatable levels by time:
    D:10: 2845 daAuts
    D:13: 2723 daAuts
    D:11: 2224 daAuts
     D:1: 1941 daAuts
     D:6: 1638 daAuts
     D:5: 1635 daAuts
     D:9: 1612 daAuts
     D:8: 1434 daAuts
     D:3: 1355 daAuts
     D:7: 1223 daAuts
    D:14: 1098 daAuts
    D:12: 1093 daAuts
     D:4: 1087 daAuts
  Bailey: 779 daAuts
     D:2: 702 daAuts
